 Dungeon Crawl Stone Soup version 0.31.0-9-g3a7656b989 (webtiles) character file.

Game seed: 11468545165666289583

3026 qw the Skirmisher (level 9, 0/74 HPs)
             Began as a Demigod Hunter on Feb 2, 2024.
             Killed from afar by an electric eel (14 damage)
             ... with a bolt of electricity
             ... on level 8 of the Dungeon.
             The game lasted 00:00:26 (5506 turns).

qw the Skirmisher (Demigod Hunter)                  Turns: 5506, Time: 00:00:27

Health: 0/74       AC:  9    Str: 12    XL:     9   Next: 30%
Magic:  11/11      EV: 18    Int: 11    God:
Gold:   341        SH:  5    Dex: 29    Spells: 8/8 levels left

rFire   + . .        d - +1 arbalest
rCold   + + .        (shield currently unavailable)
rNeg    . . .        r - +2 robe {rC+ rF+}
rPois   .            (no helmet)
rElec   .            (no cloak)
rCorr   .            a - +0 pair of gloves
SInv    .            (no boots)
Will    .....        c - amulet of reflection
Stlth   ++           l - ring of protection from cold
HPRegen 0.32/turn    h - +4 ring of protection
MPRegen 0.12/turn

%: reflection
@: about to teleport
A: high MP 1, forlorn, divine attributes
a: no special abilities


You were on level 8 of the Dungeon.
You visited 1 branch of the dungeon, and saw 8 of its levels.

You collected 341 gold pieces.


Innate Abilities, Weirdness & Mutations

You have an increased reservoir of magic. (+10% MP)
You shall have no god before yourself.
Your divine heritage dramatically boosts your attributes as you level up.


   Skills:
 + Level 5.3 Fighting
 - Level 10.0 Ranged Weapons
 - Level 2.2 Armour
 - Level 6.0 Dodging
 - Level 0.8 Stealth


You had 8 spell levels left.
You didn't know any spells.
Your spell library was empty.

Inventory:

Hand Weapons
 d - a +1 arbalest (weapon)
Armour
 a - a +0 pair of gloves (worn)
 k - +0 steam dragon scales
 q - a +1 ring mail of fire resistance
 r - a +2 robe of resistance (worn)
Jewellery
 c - an amulet of reflection (around neck)
 h - a +4 ring of protection (right hand)
 l - a ring of protection from cold (left hand)
Wands
 j - a wand of polymorph (6)
 n - a wand of roots (4)
Scrolls
 b - 4 scrolls of teleportation
 m - a scroll of immolation {unknown}
Potions
 e - 2 potions of mutation
 f - 2 potions of enlightenment
 g - 3 potions of might
 i - 2 potions of curing
 o - 3 potions of heal wounds

Dungeon Overview and Level Annotations

Branches:
Dungeon (8/15)             Temple (0/1) D:6
   Lair: D:8-11

Shops:
D:4 (

Annotations:
D:6 3 runed translucent doors, qw's ghost, novice DjHu


Message History

You kill the orc!
You hear a splash. x2
An electric eel comes into view.
You shoot a bolt.
The bolt closely misses the electric eel.
A hound comes into view.
The electric eel shoots out a bolt of lightning at you!
The bolt of electricity hits you!
You hear a shout!
You shoot a bolt. The hound barks!
The bolt hits the hound.
The hound is moderately wounded.
An electric eel comes into view.
The electric eel shoots out a bolt of lightning at you!
The bolt of electricity hits you!
An orc priest comes into view. It is wielding a +0 hand axe.
You hear a bark!
You shoot a bolt. The bolt closely misses the hound.
The orc priest shouts!
The electric eel shoots out a bolt of lightning at you!
The bolt of electricity hits you!
The electric eel shoots out a bolt of lightning at you!
The bolt of electricity hits you.
The orc priest looks encouraged for a moment.
You shoot a bolt. The bolt closely misses the hound.
The bolt closely misses the electric eel.
The hound barely misses you.
You shoot a bolt. The bolt hits the hound!!
You kill the hound!
The electric eel shoots out a bolt of lightning at you!
The bolt of electricity hits you! The bolt of electricity hits you.
The electric eel shoots out a bolt of lightning at you!
The bolt of electricity hits you!
5506 ||| READING 5 scrolls of teleportation.
As you read the scroll of teleportation, it crumbles to dust.
You feel strangely unstable.
The electric eel shoots out a bolt of lightning at you!
The bolt of electricity hits you!
You die...

...##.#######...#
#### .# ###.# .#
#.# #.# # #.#
#####.# #.#
...<..# #.#
####### #.## #.@#
##.# #.# #.o#
..... ~.S.....
~~S.S...#.#
~~~~~~?.....
~~Sh~~.~.....


You could see 3 electric eels and an orc priest.

Vanquished Creatures
  Pikel (D:7)
  A steam dragon (D:6)
  Menkaure (D:6)
  Edmund (D:5)
  2 ice beasts
  An orc warrior (D:7)
  2 sky beasts
  An ogre (D:4)
  A wolf (D:8)
  3 bullfrogs
  5 scorpions
  3 wights (D:7)
  2 howler monkeys
  6 hounds
  2 bombardier beetles
  4 orc priests
  A sleepcap (D:8)
  Jessica (D:2)
  Natasha (D:4)
  Ijyb (D:5)
  2 iguanas
  5 orc wizards
  7 gnolls (D:6)
  4 adders
  A white imp (D:5)
  2 ufetubi (D:6)
  A ribbon worm (D:5)
  A dart slug (D:1)
  16 orcs
  5 endoplasms
  A giant cockroach (D:3)
  8 goblins
  12 hobgoblins
  12 jackals
  8 kobolds
  5 quokkas
  6 ball pythons
  2 bats
  3 frilled lizards
  6 rats
147 creatures vanquished.

Notes
Turn   | Place    | Note
-------+----------+-------------------------------------------
     0 | D:1      | qw the Demigod Hunter began the quest for the Orb.
     0 | D:1      | Reached XP level 1. HP: 17/17 MP: 3/3
     0 | D:1      | 0 ||| qw: Version: 0.3-a-155-g5e7d8dd
     0 | D:1      | 0 ||| qw: Game counter: 98
     0 | D:1      | 0 ||| qw: Melee chars always use a shield: true
     0 | D:1      | 0 ||| qw: God list: Okawaru
     0 | D:1      | 0 ||| qw: Allow faded altars: false
     0 | D:1      | 0 ||| qw: Do Orc after clearing Dungeon:15 true
     0 | D:1      | 0 ||| qw: Do second Lair branch before Depths: true
     0 | D:1      | 0 ||| qw: Lair rune preference: random
     0 | D:1      | 0 ||| qw: Goals: Normal
     0 | D:1      | 0 ||| PLANNING D:1-11
    38 | D:1      | 38 ||| RETREEEEATING.
    40 | D:1      | 40 ||| RETREEEEATING.
    41 | D:1      | 41 ||| RETREEEEATING.
    42 | D:1      | 42 ||| RETREEEEATING.
    55 | D:1      | Reached skill level 4 in Ranged Weapons
    69 | D:1      | Reached XP level 2. HP: 23/24 MP: 4/4
   439 | D:1      | 439 ||| UPGRADING to +0 ring mail.
   449 | D:1      | 449 ||| DROPPING +0 leather armour.
   450 | D:1      | 450 ||| READING 2 scrolls labelled KACKOR KOYST.
   450 | D:1      | 450 ||| IDENTIFYING white potion
   451 | D:1      | 451 ||| READING scroll of identify.
   451 | D:1      | 451 ||| IDENTIFYING 2 amethyst potions
   452 | D:1      | 452 ||| DROPPING scroll of butterflies.
   543 | D:2      | Noticed Jessica
   549 | D:2      | Killed Jessica
   550 | D:2      | Reached XP level 3. HP: 12/29 MP: 5/5
   765 | D:2      | Reached skill level 5 in Ranged Weapons
  1062 | D:2      | 1062 ||| UPGRADING to ring of protection from cold.
  1063 | D:2      | 1063 ||| READING scroll of identify.
  1063 | D:2      | 1063 ||| IDENTIFYING metallic brown potion
  1064 | D:2      | 1064 ||| READING 3 scrolls labelled BUASHR KYROPNEPT.
  1069 | D:2      | 1069 ||| READING scroll labelled BUASKON HELU.
  1070 | D:2      | 1070 ||| DRINKING 2 bubbling amethyst potions.
  1071 | D:2      | 1071 ||| DROPPING potion of attraction.
  1072 | D:2      | 1072 ||| DROPPING potion of magic.
  1089 | D:3      | 1089 ||| STAIRDANCE
  1095 | D:3      | 1095 ||| STAIRDANCE
  1205 | D:3      | 1205 ||| SWAPPING to +0 arbalest.
  1206 | D:3      | 1206 ||| DROPPING +0 shortbow.
  1226 | D:3      | Reached XP level 4. HP: 35/36 MP: 6/6
  1240 | D:3      | 1240 ||| FLEEEEING.
  1241 | D:3      | 1241 ||| FLEEEEING.
  1245 | D:3      | Reached skill level 1 in Armour
  1517 | D:3      | Identified the +2 spear of Crawling {flame, rElec rCorr
                  | Str+2 SInv}
  1834 | D:3      | 1834 ||| UPGRADING to +0 pair of gloves.
  1839 | D:3      | 1839 ||| UPGRADING to +4 ring of protection.
  1840 | D:3      | 1840 ||| READING scroll labelled ZESIPLEKHU.
  1840 | D:3      | 1840 ||| ENCHANTING +0 arbalest.
  1841 | D:3      | 1841 ||| DRINKING 3 golden potions.
  1935 | D:4      | Found Koyrchypp's Weapon Shop.
  1966 | D:4      | Noticed an ogre
  1971 | D:4      | Noticed Natasha
  1973 | D:4      | Killed an ogre
  1974 | D:4      | Reached XP level 5. HP: 17/41 MP: 7/7
  1974 | D:4      | Killed Natasha
  1975 | D:4      | Reached skill level 6 in Ranged Weapons
  2654 | D:4      | 2654 ||| DROPPING ring of magical power.
  2655 | D:4      | 2655 ||| READING 2 scrolls of identify.
  2655 | D:4      | 2655 ||| IDENTIFYING silvery potion
  2656 | D:4      | 2656 ||| READING scroll of identify.
  2656 | D:4      | 2656 ||| IDENTIFYING sapphire potion
  2657 | D:4      | 2657 ||| READING scroll labelled MAFIZI FAPE.
  2658 | D:4      | 2658 ||| DRINKING 2 green potions.
  2659 | D:4      | 2659 ||| DROPPING potion of invisibility.
  2671 | D:5      | Entered Level 5 of the Dungeon
  2679 | D:5      | Reached skill level 3 in Fighting
  2679 | D:5      | Reached XP level 6. HP: 51/51 MP: 8/8
  2817 | D:5      | Noticed Edmund
  2818 | D:5      | 2818 ||| DRINKING potion of haste.
  2824 | D:5      | Killed Edmund
  2825 | D:5      | Reached skill level 3 in Dodging
  3238 | D:5      | Reached XP level 7. HP: 52/57 MP: 9/9
  3255 | D:5      | Noticed Ijyb
  3257 | D:5      | Killed Ijyb
  3387 | D:5      | Reached skill level 7 in Ranged Weapons
  3580 | D:5      | 3580 ||| UPGRADING to +1 ring mail of fire resistance.
  3590 | D:5      | 3590 ||| DROPPING +0 ring mail.
  3591 | D:5      | 3591 ||| READING scroll of identify.
  3591 | D:5      | 3591 ||| IDENTIFYING lumpy cyan potion
  3592 | D:5      | 3592 ||| READING scroll labelled ECAULIC UNOS.
  3593 | D:5      | 3593 ||| READING scroll labelled NEGAM BIZIANWIV.
  3594 | D:5      | 3594 ||| DRINKING 2 sedimented emerald potions.
  3595 | D:5      | 3595 ||| FLEEEEING.
  3596 | D:5      | 3596 ||| FLEEEEING.
  3597 | D:5      | 3597 ||| FLEEEEING.
  3598 | D:5      | 3598 ||| FLEEEEING.
  3599 | D:5      | 3599 ||| FLEEEEING.
  3600 | D:5      | 3600 ||| FLEEEEING.
  3601 | D:5      | 3601 ||| FLEEEEING.
  3602 | D:5      | 3602 ||| FLEEEEING.
  3603 | D:5      | 3603 ||| FLEEEEING.
  3604 | D:5      | 3604 ||| FLEEEEING.
  3605 | D:5      | 3605 ||| FLEEEEING.
  3606 | D:5      | 3606 ||| FLEEEEING.
  3607 | D:5      | 3607 ||| FLEEEEING.
  3608 | D:5      | 3608 ||| FLEEEEING.
  3609 | D:5      | 3609 ||| FLEEEEING.
  3610 | D:5      | 3610 ||| FLEEEEING.
  3611 | D:5      | 3611 ||| FLEEEEING.
  3612 | D:5      | 3612 ||| STAIRDANCE
  3614 | D:4      | 3614 ||| FLEEEEING.
  3615 | D:4      | 3615 ||| FLEEEEING.
  3616 | D:4      | 3616 ||| FLEEEEING.
  3617 | D:4      | 3617 ||| STAIRDANCE
  3619 | D:3      | 3619 ||| FLEEEEING.
  3620 | D:3      | 3620 ||| FLEEEEING.
  3621 | D:3      | 3621 ||| FLEEEEING.
  3622 | D:3      | 3622 ||| FLEEEEING.
  3623 | D:3      | 3623 ||| FLEEEEING.
  3624 | D:3      | 3624 ||| FLEEEEING.
  3625 | D:3      | 3625 ||| FLEEEEING.
  3626 | D:3      | 3626 ||| FLEEEEING.
  3627 | D:3      | 3627 ||| FLEEEEING.
  3628 | D:3      | 3628 ||| FLEEEEING.
  3629 | D:3      | 3629 ||| FLEEEEING.
  3630 | D:3      | 3630 ||| FLEEEEING.
  3631 | D:3      | 3631 ||| FLEEEEING.
  3632 | D:3      | 3632 ||| FLEEEEING.
  3633 | D:3      | 3633 ||| FLEEEEING.
  3634 | D:3      | 3634 ||| FLEEEEING.
  3635 | D:3      | 3635 ||| FLEEEEING.
  3636 | D:3      | 3636 ||| FLEEEEING.
  3637 | D:3      | 3637 ||| FLEEEEING.
  3638 | D:3      | 3638 ||| FLEEEEING.
  3639 | D:3      | 3639 ||| FLEEEEING.
  3640 | D:3      | 3640 ||| FLEEEEING.
  3641 | D:3      | 3641 ||| FLEEEEING.
  3642 | D:3      | 3642 ||| FLEEEEING.
  3643 | D:3      | 3643 ||| FLEEEEING.
  3652 | D:3      | 3652 ||| DROPPING potion of berserk rage.
  3653 | D:3      | 3653 ||| DROPPING potion of brilliance.
  3712 | D:6      | Found a staircase to the Ecumenical Temple.
  3717 | D:6      | 3717 ||| STAIRDANCE
  3722 | D:6      | 3722 ||| STAIRDANCE
  3841 | D:6      | Noticed a steam dragon
  3848 | D:6      | Killed a steam dragon
  3849 | D:6      | Reached skill level 8 in Ranged Weapons
  3942 | D:6      | Found a runed translucent gate.
  3943 | D:6      | Found a runed translucent gate.
  3944 | D:6      | Found a runed translucent gate.
  3945 | D:6      | Noticed qw's ghost (novice DjHu)
  3945 | D:6      | Noticed qw's ghost (novice DjHu)
  3945 | D:6      | Noticed qw's ghost (novice DjHu)
  3945 | D:6      | Noticed qw's ghost (novice DjHu)
  4013 | D:6      | Reached XP level 8. HP: 60/67 MP: 10/10
  4074 | D:6      | Noticed Menkaure
  4075 | D:6      | Killed Menkaure
  4338 | D:6      | 4338 ||| READING 2 scrolls of identify.
  4338 | D:6      | 4338 ||| IDENTIFYING glowing green potion
  4339 | D:6      | 4339 ||| READING scroll of identify.
  4339 | D:6      | 4339 ||| IDENTIFYING scroll labelled ZYIPOI DIOSCHADU
  4340 | D:6      | 4340 ||| READING scroll labelled TUNKOREMUR.
  4441 | D:6      | 4441 ||| READING scroll labelled DETAEH HOELYG.
  4442 | D:6      | 4442 ||| DROPPING scroll of blinking.
  4531 | D:7      | Reached skill level 9 in Ranged Weapons
  4538 | D:7      | 4538 ||| RETREEEEATING.
  4712 | D:7      | Noticed Pikel
  4713 | D:7      | 4713 ||| RETREEEEATING.
  4715 | D:7      | 4715 ||| RETREEEEATING.
  4716 | D:7      | 4716 ||| RETREEEEATING.
  4717 | D:7      | 4717 ||| RETREEEEATING.
  4718 | D:7      | Killed Pikel
  4719 | D:7      | Reached XP level 9. HP: 74/74 MP: 11/11
  5146 | D:7      | Reached skill level 10 in Ranged Weapons
  5198 | D:7      | 5198 ||| UPGRADING to +2 robe of resistance.
  5208 | D:7      | 5208 ||| DROPPING scarf of harm.
  5209 | D:7      | 5209 ||| UPGRADING to amulet of reflection.
  5214 | D:7      | 5214 ||| READING scroll of identify.
  5214 | D:7      | 5214 ||| IDENTIFYING scroll labelled MEFOUCZAHUF
  5215 | D:7      | 5215 ||| READING scroll labelled JIROGUSHAT.
  5316 | D:7      | 5316 ||| DROPPING scroll of revelation.
  5420 | D:8      | 5420 ||| FLEEEEING.
  5421 | D:8      | 5421 ||| FLEEEEING.
  5424 | D:8      | 5424 ||| FLEEEEING.
  5425 | D:8      | 5425 ||| FLEEEEING.
  5426 | D:8      | 5426 ||| FLEEEEING.
  5431 | D:8      | 5431 ||| FLEEEEING.
  5489 | D:8      | Reached skill level 6 in Dodging
  5505 | D:8      | HP: 14/74 [electric eel/bolt of electricity (14)]
  5506 | D:8      | 5506 ||| READING 5 scrolls of teleportation.
  5506 | D:8      | Killed from afar by an electric eel

Levels and vault maps discovered:
D:1:      giann_forest_graveyard, layout_rooms
D:2:      layout_rooms, minmay_hedge_maze, uniq_jessica
D:3:      layout_loops_cross, grunt_temple_overflow_open,
          dreamdust_princess_corridor
D:4:      layout_loops_ring, nemelex_diamond_rough_becter, serial_shops, shop,
          nicolae_houndstooth_variations, uniq_natasha
D:5:      layout_loops_corners, mainiacjoe_overflow_cross_hatched,
          minmay_misc_feat_tower, uniq_ijyb, uniq_edmund
D:6:      layout_cave_pools, trog_hazing_becter, minmay_temple_entry_overgrown,
          gammafunk_ghost_cemetery, grunt_decor_resistance,
          hangedman_decor_growths, uniq_menkaure
D:7:      layout_basic, lemuel_coloured_pillars_altar,
          minmay_misc_feat_enclosed, uniq_pikel
D:8:      layout_loops_ring, okawaru_humans, erik_lair_island,
          kennysheep_generic_room_11

Skill      XL: |  1  2  3  4  5  6  7  8  9 |
---------------+----------------------------+-----
Ranged Weapons | 4 5 6 8 9 10 | 10.0
Fighting       | 2 3 4 5 |  5.3
Dodging        | 2 3 4 6 |  6.0
Armour         | 1 2 |  2.2
Stealth        | |  0.8

Action                     |  1- 3 |  4- 6 |  7- 9 || total
---------------------------+-------+-------+-------++-------
   Fire: Shortbow          |    95 |       |       ||    95
         Arbalest          |     6 |   122 |   147 ||   275
    Use: Scroll            |     5 |     4 |    10 ||    19
         Potion            |     1 |     3 |     1 ||     5
 Armour: Leather armour    |    10 |       |       ||    10
         Ring mail         |     8 |    52 |    39 ||    99
         Robe              |       |       |    11 ||    11
  Dodge: Dodged            |    37 |    45 |    60 ||   142
  Block: Other             |       |       |     1 ||     1

Table legend:
 A = Non-vault XP
 B = Vault XP
 C = Vault XP percentage of total XP
 D = Non-vault monster count
 E = Vault monster count
 F = Vault count percentage of total count
                 A         B        C        D         E       F
            +---------+---------+-------+---------+---------+-------
      Total |    2988 |    1336 |  30.9 |     131 |      16 |  10.9
            +---------+---------+-------+---------+---------+-------
        D:1 |      35 |       0 |   0.0 |      20 |       0 |   0.0
        D:2 |      31 |      37 |  54.4 |      12 |       1 |   7.7
        D:3 |      85 |       0 |   0.0 |      28 |       0 |   0.0
        D:4 |     224 |      37 |  14.2 |      14 |       1 |   6.7
        D:5 |     457 |     193 |  29.7 |      15 |       2 |  11.8
        D:6 |     713 |     181 |  20.2 |      18 |       7 |  28.0
        D:7 |    1218 |     651 |  34.8 |      20 |       1 |   4.8
        D:8 |     225 |     237 |  51.3 |       4 |       4 |  50.0
            +---------+---------+-------+---------+---------+-------
